 Dungeon Crawl Stone Soup version 0.25-a0-362-g90ccd6aac3 (console) character file.

Game seed: 17680598899188253695, levelgen mode: deterministic

11 Kagalorn the Sneak (level 2, -1/25 HPs)
             Began as a Naga Arcane Marksman on Jan 4, 2020.
             Slain by a hound (5 damage)
             ... on level 2 of the Dungeon.
             The game lasted 00:02:16 (1013 turns).

Kagalorn the Sneak (Naga Arcane Marksman)           Turns: 1013, Time: 00:02:17

Health: -1/25      AC:  1    Str: 12    XL:     2   Next: 25%
Magic:  3/3        EV: 10    Int: 13    God:
Gold:   64         SH:  0    Dex: 11    Spells: 2/3 levels left

rFire    . . .     SeeInvis +   (no weapon)
rCold    . . .     Gourm    .   (no shield)
rNeg     . . .     Faith    .   e - +0 robe
rPois    +         Spirit   .   (no helmet)
rElec    .         Reflect  .   (no cloak)
rCorr    .         Harm     .   (no gloves)
MR       .....                  (no barding)
Stlth    ++........             (no amulet)
HPRegen  0.08/turn              (no ring)
MPRegen  0.08/turn              (no ring)

@: short of breath, very slow
A: large, see invisible, deformed body, poison resistance, slowness 2, slow
metabolism 1, spit poison 1, AC +0
a: Spit Poison


You were on level 2 of the Dungeon.
You were hungry.

You visited 1 branch of the dungeon, and saw 2 of its levels.

You collected 64 gold pieces.

Inventory:

Hand Weapons
 a - a +0 hand crossbow
 w - a +0 hunting sling
Missiles
 d - 39 bolts
 i - 17 stones (quivered)
 j - 16 poisoned darts
Armour
 e - a +0 robe (worn)
Scrolls
 b - a scroll of fog {unknown}
 h - 2 scrolls of identify {unknown}
Potions
 c - a potion of mutation {unknown}
 g - a potion of haste {unknown}
Comestibles
 f - 4 rations


   Skills:
 - Level 1.0 Fighting
 - Level 1.7 Crossbows
 - Level 1.5 Dodging
 * Level 3.1 Stealth
 - Level 1.0 Spellcasting
 - Level 3.0 Hexes


You had 2 spell levels left.
You knew the following spells:

 Your Spells              Type           Power        Failure   Level  Hunger
a - Corona                Hex            #......      9%          1    ##.....

Your spell library contained the following spells:

 Spells                   Type           Power        Failure   Level  Hunger
 Slow                     Hex            #.......     12%         2    ###....
 Inner Flame              Hex/Fire       #.......     41%         3    ####...
 Portal Projectile        Hex/Tloc       #.....       41%         3    ####...
 Cause Fear               Hex            #.........   63%         4    #####..
 Leda's Liquefaction      Hex/Erth       #.........   83%         4    #####..


Dungeon Overview and Level Annotations

Branches:
Dungeon (2/15)

Altars:


Innate Abilities, Weirdness & Mutations

You cannot wear boots.
Your serpentine skin is tough. (AC +0)
You have supernaturally acute eyesight. (SInv)
Armour fits poorly on your strangely shaped body.
Your system is resistant to poisons. (rPois)
You cover ground very slowly.
You have a slow metabolism.
You can spit poison.


Message History

You hit the hobgoblin.
The hobgoblin is almost dead.
The hobgoblin hits you.
You closely miss the hobgoblin.
The hobgoblin is almost dead.
You kill the hobgoblin!
Press: ? - help, v - describe, . - travel
Here: a worm The floor.
A hound comes into view.
The worm bites you!
* * * LOW HITPOINT WARNING * * *
The hound closely misses you.
Found a stone staircase leading up.
Press: ? - help, Shift-Dir - straight line, f - hound
Aim: a hound The splash of poison hits the hound.
The hound is poisoned.
The hound is moderately wounded.
You feel slightly more hungry. The hound bites you.
You die...

..# ## ##.#
#. #..# #.
#..#
##.##..#
#####...#<.#
..........w#
.####...##h#
##.###@#
.....<..#
###.##### ..
##


You could see a worm and a hound.

Vanquished Creatures
  A giant cockroach (D:1)
  2 hobgoblins
  A kobold (D:1)
  3 bats (D:1)
  A frilled lizard (D:1)
  4 rats (D:1)
12 creatures vanquished.

Notes
Turn   | Place    | Note
-------+----------+-------------------------------------------
     0 | D:1      | Kagalorn the Naga Arcane Marksman began the quest for the
                  | Orb.
     0 | D:1      | Reached XP level 1. HP: 18/18 MP: 2/2
   109 | D:1      | Reached skill level 1 in Stealth
   530 | D:1      | Reached XP level 2. HP: 25/25 MP: 3/3
  1013 | D:2      | Slain by a hound

Levels and vault maps discovered:
D:1:      saegor_arrival_simple_a, layout_basic
D:2:      layout_loops_ring, makhleb_heckhound_becter, uniq_jessica,
          uniq_natasha

Skill      XL: |  1  2 |
---------------+-------+-----
Stealth        | 2 3 |  3.1
Fighting       | |  1.0
Crossbows      | |  1.7
Dodging        | |  1.5
Spellcasting   | |  1.0
Hexes          | |  3.0

Action                   || total
-------------------------++-------
Melee: Unarmed           ||    63
 Abil: Spit Poison       ||    17
 Stab: Sleeping          ||     2
Armor: Robe              ||    15
Dodge: Dodged            ||    39

Table legend:
 A = Non-vault XP
 B = Vault XP
 C = Vault XP percentage of total XP
 D = Non-vault monster count
 E = Vault monster count
 F = Vault count percentage of total count
                 A         B        C        D         E       F
            +---------+---------+-------+---------+---------+-------
      Total |      16 |       0 |   0.0 |      12 |       0 |   0.0
            +---------+---------+-------+---------+---------+-------
        D:1 |      14 |       0 |   0.0 |      11 |       0 |   0.0
        D:2 |       2 |       0 |   0.0 |       1 |       0 |   0.0
            +---------+---------+-------+---------+---------+-------
